 Dungeon Sprint DCSS version 0.28.0-43-g3370ac3207 (webtiles) character file.

Game seed: 7474891811686230476

3763 boopmooplesden the Impaler (level 9, -3/100 HPs)
             Began as a Minotaur Berserker on Mar 16, 2022.
             Was a High Priest of Trog.
             Slain by Sonja
             ... wielding a +1 short sword of distortion
              (11 damage)
             ... in the Dungeon (Sprint I: "Red Sonja").
             The game lasted 00:02:15 (953 turns).

boopmooplesden the Impaler (Minotaur Berserker)      Turns: 953, Time: 00:02:16

Health: -3/100     AC:  4    Str: 19    XL:     9   Next: 94%
Magic:  8/8        EV: 16    Int:  6    God:    Trog [*****.]
Gold:   86         SH:  0    Dex: 12    Spells: 8/8 levels left

rFire   . . .      SeeInvis .   l - +2 scythe (freeze)
rCold   . . .      Faith    +   (shield currently unavailable)
rNeg    . . .      Spirit   .   k - +0 leather armour
rPois   .          Reflect  .   (helmet restricted)
rElec   +          Harm     .   (no cloak)
rCorr   +          Rampage  .   (no gloves)
Will    +++..      NoTele   +   (no boots)
Stlth   ++........              n - amulet of Yesterday {Faith rElec Will+++ rCorr Str-3}
HPRegen 0.26/turn               (no ring)
MPRegen 0.11/turn               (no ring)

@: on berserk cooldown, hasted and slowed
A: horns 2, retaliatory headbutt
a: Renounce Religion, Berserk, Trog's Hand, Brothers in Arms


You were in the Dungeon.
You worshipped Trog.
Trog was extremely pleased with you.
You visited 1 branch You collected 731 gold pieces.
You spent 645 gold pieces at shops.

Inventory:

Hand Weapons
 a - a +0 spear
 l - a +2 scythe of freezing (weapon)
Missiles
 o - 4 javelins (quivered)
Armour
 b - a +0 animal skin
 k - a +0 leather armour (worn)
Jewellery
 n - the amulet of Yesterday (around neck) {Faith rElec Will+++ rCorr Str-3}
   (You bought it in a shop in the Dungeon)

   [amulet of faith]

   It allows you to gain divine favour quickly.
   Str:       It affects your strength (-3).
   rElec:     It insulates you from electricity.
   rCorr:     It protects you from acid and corrosion.
   Will:      It greatly increases your willpower.
Wands
 i - a wand of iceblast (8)
Scrolls
 h - 2 scrolls of blinking
 m - a scroll of identify {unknown}
Potions
 c - a potion of curing
 f - 2 potions of magic
 g - a potion of berserk rage
 j - a potion of flight {unknown}


   Skills:
 + Level 15.9 Fighting
 + Level 17.6 Polearms
 + Level 9.2 Armour
 + Level 10.6 Dodging
 + Level 2.5 Stealth


You had 8 spell levels left.
You didn't know any spells.
Your spell library was empty.

Dungeon Overview and Level Annotations

Branches:
Dungeon (1/1)

Altars:
Cheibriados
Dithmenos
Elyvilon
Fedhas
Gozag
Hepliaklqana
Kikubaaqudgha
Makhleb
Nemelex Xobeh
Okawaru
Qazlal
Ru
Sif Muna
Trog
Uskayaw
Vehumet
Wu Jian
Xom
Yredelemnul
Zin
The Shining One
Jiyva
Lugonu

Shops:
D =

Annotations:
D Sonja


Innate Abilities, Weirdness & Mutations

You have a pair of horns on your head.
You reflexively headbutt those who attack you in melee.


Message History

Sonja blinks!
You now have 86 gold pieces (gained 27).
You feel a strong urge to attack something.
You are no longer berserk.
You are exhausted.
You feel as though you will be slow longer.
You see here 27 gold pieces.
Sonja throws a curare-tipped dart.
The curare-tipped dart closely misses you.
Sonja throws a curare-tipped dart.
The curare-tipped dart hits you.
You are poisoned.
You have difficulty breathing.
* * * LOW HITPOINT WARNING * * *
You feel as though you will be slow longer.
You see here 27 gold pieces.
You feel better.
Sonja throws a curare-tipped dart.
The curare-tipped dart barely misses you.
You feel much better.
You feel yourself speed up.
Sonja hits you with a +1 short sword of distortion.
Space warps horribly around you! Sonja closely misses you.
Sonja hits you but does no damage.
You miss Sonja.
Sonja is severely wounded.
Sonja gestures wildly while chanting.
Sonja blinks!
You closely miss Sonja. Your headbutt misses Sonja.
Sonja is severely wounded.
Sonja hits you with a +1 short sword of distortion.
* * * LOW HITPOINT WARNING * * *
Space warps around you.
* * * LOW HITPOINT WARNING * * *
Sonja hits you with a +1 short sword of distortion!
* * * LOW HITPOINT WARNING * * *
Sonja hits you with a +1 short sword of distortion.
* * * LOW HITPOINT WARNING * * *
Space warps around you.
* * * LOW HITPOINT WARNING * * *
Sonja hits you with a +1 short sword of distortion!
You die...

#..#####'#####'#__####...+
#..####..#...#.####§§#####
#..#__####..##)#≈§§)§#..#
#..#_____##'#_.'§≈§§§§..#
#⌠⌠#_.∩...'..._#§§§§.#§.#
####_..__##_.#'##§#####'###
#_____###+#.#[..(# #.'.#
#########.####'### ###.#
+$@K'...$$+ #.# #$.$#######
#§# ##.## #.# #+# +§# #.#
#§# +§# ###


You could see Sonja.

Vanquished Creatures
  2 centaur warriors (D)
  A deep troll (D)
  An oklob plant (D)
  2 kobold demonologists (D)
  A slime creature (D)
  A hornet (D)
  Sigmund (D)
  A yak (D)
  2 redbacks (D)
  A floating eye (D)
  An ogre (D)
  A jelly (D)
  Ijyb (D)
16 creatures vanquished.

Notes
Turn   | Place    | Note
-------+----------+-------------------------------------------
     0 | D        | boopmooplesden the Minotaur Berserker began the quest for
                  | the Orb.
     0 | D        | Reached XP level 1. HP: 19/19 MP: 0/0
     1 | D        | Noticed Ijyb
     6 | D        | Killed Ijyb
     7 | D        | Reached skill level 5 in Fighting
     7 | D        | Reached skill level 5 in Polearms
     7 | D        | Reached XP level 2. HP: 29/29 MP: 1/1
   159 | D        | Noticed an ogre
   163 | D        | Killed an ogre
   164 | D        | Reached skill level 7 in Polearms
   164 | D        | Reached XP level 3. HP: 16/39 MP: 2/2
   164 | D        | Reached XP level 4. HP: 19/47 MP: 3/3
   383 | D        | Noticed Sigmund
   389 | D        | Killed Sigmund
   389 | D        | Reached ** piety under Trog
   390 | D        | Reached skill level 9 in Polearms
   390 | D        | Reached skill level 5 in Armour
   390 | D        | Reached skill level 5 in Dodging
   390 | D        | Reached XP level 5. HP: 58/58 MP: 4/4
   427 | D        | Found a burning altar of Makhleb.
   427 | D        | Found a viscous altar of Jiyva.
   427 | D        | Found a shimmering altar of Xom.
   427 | D        | Found a corrupted altar of Lugonu.
   427 | D        | Noticed a slime creature
   431 | D        | Killed a slime creature
   432 | D        | Reached skill level 11 in Polearms
   432 | D        | Reached skill level 1 in Stealth
   432 | D        | Reached XP level 6. HP: 68/68 MP: 5/5
   471 | D        | Noticed a kobold demonologist
   472 | D        | Noticed a floating eye
   473 | D        | Noticed a kobold demonologist
   475 | D        | Killed a kobold demonologist
   476 | D        | Reached skill level 12 in Polearms
   476 | D        | Reached XP level 7. HP: 77/77 MP: 6/6
   477 | D        | Reached *** piety under Trog
   478 | D        | Noticed a smoke demon
   482 | D        | Killed a kobold demonologist
   483 | D        | Reached skill level 13 in Polearms
   483 | D        | Reached XP level 8. HP: 85/85 MP: 7/7
   493 | D        | Found an ornate altar of the Wu Jian Council.
   493 | D        | Found a shimmering blue altar of Sif Muna.
   495 | D        | Found a radiant altar of Vehumet.
   534 | D        | Found Xunei's Jewellery Emporium.
   534 | D        | Found an ancient bone altar of Kikubaaqudgha.
   534 | D        | Found a hazy altar of Hepliaklqana.
   534 | D        | Found a stormy altar of Qazlal.
   534 | D        | Found a hide-covered altar of Uskayaw.
   534 | D        | Found a blossoming altar of Fedhas.
   534 | D        | Found a bloodstained altar of Trog.
   534 | D        | Found an iron altar of Okawaru.
   534 | D        | Found a basalt altar of Yredelemnul.
   534 | D        | Found a glowing golden altar of the Shining One.
   534 | D        | Found a snail-covered altar of Cheibriados.
   534 | D        | Found a sacrificial altar of Ru.
   534 | D        | Found a glowing silver altar of Zin.
   534 | D        | Found a shadowy altar of Dithmenos.
   534 | D        | Found a white marble altar of Elyvilon.
   537 | D        | Reached **** piety under Trog
   538 | D        | Found an opulent altar of Gozag.
   539 | D        | Found a sparkling altar of Nemelex Xobeh.
   551 | D        | Noticed a centaur warrior
   553 | D        | Noticed a centaur warrior
   559 | D        | Killed a centaur warrior
   560 | D        | Reached skill level 15 in Polearms
   566 | D        | Killed a centaur warrior
   567 | D        | Reached skill level 16 in Polearms
   567 | D        | Reached XP level 9. HP: 23/96 MP: 8/8
   838 | D        | Reached skill level 15 in Fighting
   848 | D        | Noticed an oklob plant
   851 | D        | Killed an oklob plant
   851 | D        | Reached ***** piety under Trog
   852 | D        | Reached skill level 10 in Dodging
   865 | D        | Reached skill level 17 in Polearms
   902 | D        | Bought the amulet of Yesterday {Faith rElec Will+++ rCorr
                  | Str-3} for 645 gold pieces
   926 | D        | Noticed a deep troll
   928 | D        | Killed a deep troll
   934 | D        | Noticed Sonja
   953 | D        | Slain by Sonja

Illustrated notes

Levels and vault maps discovered:
D:        dungeon_sprint_1 [red_sonja_temple_1, red_sonja_temple_small_1]

Skill      XL: |  1  2  3  4  5  6  7  8  9 |
---------------+----------------------------+-----
Fighting       | 5 7 9 11 12 14 15 | 15.9
Polearms       | 5 7 9 11 12 13 16 17 | 17.6
Armour         | 3 4 5 6 7 8 9 |  9.2
Dodging        | 3 4 5 6 7 9 10 | 10.6
Stealth        | 1 2 |  2.5

Action                   |  1- 3 |  4- 6 |  7- 9 || total
-------------------------+-------+-------+-------++-------
Melee: Spear             |     7 |     4 |       ||    11
       Headbutt          |     1 |     2 |     4 ||     7
       Scythe            |       |     5 |    37 ||    42
Invok: Berserk           |     2 |     3 |     3 ||     8
  Use: Potion            |       |       |     3 ||     3
Armor: Leather armour    |       |       |    14 ||    14
Dodge: Dodged            |     1 |     4 |    36 ||    41
